 Dungeon Crawl Stone Soup version 0.20-a0-850-ge5a7832 (webtiles) character file.

86 dvd the Magician (level 4, 0/24 HPs)
             Began as a Deep Elf Air Elementalist on Mar 10, 2017.
             Slain by Robin
             ... wielding a +0 spear of piercing
              (1 damage)
             ... on level 2 of the Dungeon.
             The game lasted 00:06:59 (2621 turns).

dvd the Magician (Deep Elf Air Elementalist)        Turns: 2621, Time: 00:07:01

Health: 0/24       AC:  3    Str:  5    XL:     4   Next: 26%
Magic:  9/12       EV: 13    Int: 21    God:
Gold:   106        SH:  0    Dex: 15    Spells: 3/11 levels left

rFire    . . .     SeeInvis .   d - -3 short sword (curse)
rCold    . . .     Gourm    .   a - +0 robe
rNeg     . . .     Faith    .   (no shield)
rPois    .         Spirit   .   (no helmet)
rElec    .         Reflect  .   (no cloak)
rCorr    .         Harm     .   p - +0 pair of gloves
MR       .....                  (no boots)
Stlth    ++........             (no amulet)
Regen    0.1/turn               (no ring)
MPRegen  0.2/turn               (no ring)

@: about to teleport
A: no striking features
a: no special abilities


You were on level 2 of the Dungeon.
You were not hungry.

You visited 1 branch of the dungeon, and saw 3 of its levels.

You collected 106 gold pieces.

Inventory:

Hand Weapons
 d - a cursed -3 short sword (weapon)
 i - a cursed -1 short sword
Armour
 a - a +0 robe (worn)
 p - a +0 pair of gloves (worn)
Wands
 s - a wand of lightning (3/15)
Scrolls
 h - 2 scrolls of noise {unknown}
 j - 2 scrolls of identify {unknown}
 l - 3 scrolls of remove curse {unknown}
 m - a scroll of amnesia {unknown}
 o - a scroll of fog {unknown}
Potions
 e - a potion of curing
 f - a potion of agility {unknown}
 g - a potion of haste {unknown}
 k - 2 potions of lignification {unknown}
Books
 b - a book of Air

   Spells                             Type                      Level
   a - Shock                          Conjuration/Air              1
   b - Swiftness                      Charms/Air                   2
   c - Static Discharge               Conjuration/Air              3
   d - Airstrike                      Air                          4
   e - Lightning Bolt                 Conjuration/Air              5
Comestibles
 c - 2 bread rations
 n - a royal jelly


   Skills:
 + Level 0.1 Fighting
 + Level 2.6 Dodging
 + Level 2.9 Stealth
 + Level 4.4 Spellcasting
 + Level 1.7 Conjurations
 + Level 3.9 Air Magic


You had 3 spell levels left.
You knew the following spells:

 Your Spells              Type           Power        Failure   Level  Hunger
a - Shock                 Conj/Air       ###.         4%          1    None
b - Static Discharge      Conj/Air       ###.....     14%         3    ##.....
c - Airstrike             Air            ###.......   24%         4    ####...


Dungeon Overview and Level Annotations

Branches:
Dungeon (3/15)

Altars:
Ashenzari
Cheibriados
Dithmenos
Hepliaklqana
Kikubaaqudgha
Makhleb
Okawaru
Ru

Annotations:
D:2 Robin
D:3 Grinder


Message History

Robin roars a battlecry!
The goblin goes into a battle-frenzy!
The goblin barely misses you. The goblin hits you with a dagger.
The hobgoblin hits you with a club!
* * * LOW HITPOINT WARNING * * *
The goblin closely misses you.
You climb upwards.
There is a stone staircase leading down here.
Unknown command.
Okay, then.
Unknown command.
As you read the scroll of teleportation, it crumbles to dust.
You feel strangely unstable. The goblin barely misses you.
The goblin hits you with a dagger.
* * * LOW HITPOINT WARNING * * *
It was a potion of curing.
You feel better. The goblin hits you.
* * * LOW HITPOINT WARNING * * *
Robin hits you with a spear of piercing.
* * * LOW HITPOINT WARNING * * *
You die...

#.#
#.##.....
#.#
#.####...
#.# #.#
###. #.#
#.# #.
#.# #.#
#. #.#
#.######.
#.#
#........
###)#
#########
#@gg#


#ggg# ### #gg.# #.. ##.## #.# #.# #####.. #.####### #...... #.......# #.###.#
#######.###.###.. #...#.##... You could see Robin, a hobgoblin and 5 goblins.

Vanquished Creatures
  3 adders (D:2)
  A worm (D:2)
  A dart slug (D:2)
  11 goblins
  5 hobgoblins
  4 jackals (D:1)
  8 kobolds
  9 bats
  2 frilled lizards
  6 rats
50 creatures vanquished.

Notes
Turn   | Place    | Note
-------+----------+-------------------------------------------
     0 | D:1      | dvd the Deep Elf Air Elementalist began the quest for the Orb.
     0 | D:1      | Reached XP level 1. HP: 10/10 MP: 6/6
   204 | D:1      | Reached XP level 2. HP: 15/15 MP: 4/8
   630 | D:1      | Reached XP level 3. HP: 19/19 MP: 5/10
   915 | D:1      | Learned a level 3 spell: Static Discharge
  1152 | D:2      | Found an iron altar of Okawaru.
  1154 | D:2      | Found a shadowy altar of Dithmenos.
  1154 | D:2      | Found a hazy altar of Hepliaklqana.
  1154 | D:2      | Found an ancient bone altar of Kikubaaqudgha.
  1155 | D:2      | Found a sacrificial altar of Ru.
  1157 | D:2      | Found a burning altar of Makhleb.
  1188 | D:2      | Found a shattered altar of Ashenzari.
  1305 | D:2      | Found a snail-covered altar of Cheibriados.
  1314 | D:2      | Reached skill level 4 in Spellcasting
  1751 | D:2      | Reached XP level 4. HP: 24/24 MP: 9/12
  1879 | D:3      | Noticed Grinder
  1918 | D:2      | Learned a level 4 spell: Airstrike
  2273 | D:3      | Paralysed by Grinder for 4 turns
  2616 | D:3      | Noticed Robin
  2621 | D:2      | HP: 1/24 [Robin/spear of piercing (1)]
  2621 | D:2      | Slain by Robin

Vault maps used:
D:1:      nicolae_arrival_somewhat_less_tricky_arrival
D:2:      lemuel_crystal_altar, nicolae_overflow_crystal_walls,
          grunt_temple_overflow_open, first_bread, kennysheep_boxes
D:3:      chequers_ecumenical_altar_lobes, uniq_robin, uniq_grinder

Skill      XL: |  1  2  3 |
---------------+----------+-----
Spellcasting   | 4 |  4.4
Fighting       | |  0.1
Dodging        | |  2.6
Stealth        | |  2.9
Conjurations   | |  1.7
Air Magic      | |  3.9

Action                   |  1- 3 |  4- 6 || total
-------------------------+-------+-------++-------
Melee: Short sword       |       |     1 ||     1
 Cast: Shock             |    80 |    20 ||   100
       Airstrike         |       |     2 ||     2
       Static Discharge  |       |     2 ||     2
  Use: Scroll            |     2 |     1 ||     3
       Potion            |       |     1 ||     1
  Eat: Chunk             |     2 |     4 ||     6
Armor: Robe              |     5 |       ||     5
Dodge: Dodged            |    21 |     9 ||    30
